 Dungeon Crawl Stone Soup version 0.31.0-32-g396128a36d (webtiles) character file.

Game seed: 1602259547653953504

66 Destapler the Insei (level 3, -1/28 HPs)
             Began as a Demonspawn Shapeshifter on Mar 17, 2024.
             Slain by a quokka (2 damage)
             ... on level 3 of the Dungeon.
             The game lasted 00:02:49 (1960 turns).

Destapler the Insei (Demonspawn Shapeshifter)       Turns: 1960, Time: 00:02:50

Health: -1/28      AC:  7    Str: 11 (14) XL:     3   Next: 96%
Magic:  3/3        EV: 10    Int:  9 (10) God:
Gold:   132        SH:  4    Dex: 12 (14) Spells: 2/2 levels left

rFire   . .          .
                       - Unarmed
rCold   . . .        (no shield)
rNeg    . . .        e - +0 ring mail
rPois   .            (helmet currently unavailable)
rElec   .            (cloak currently unavailable)
rCorr   .            (gloves currently unavailable)
SInv    .            (boots currently unavailable)
Will    .....        h - amulet of the acrobat
Stlth   +            (no ring)
HPRegen 0.24/turn    (no ring)
MPRegen 0.08/turn

%: acrobat
@: beast-form, hasted, very quick
A: beast (slay +1), yellow scales 1, condensation shield
a: Begin Untransformation


You were on level 3 of the Dungeon.
You were a hulking beast.
You visited 1 branch of the dungeon, and saw 3 of its levels.

You collected 132 gold pieces.

Inventory:

Armour
 e - a +0 ring mail (worn)
Jewellery
 a - a ring of protection from cold
 h - an amulet of the acrobat (around neck)
Talismans
 c - a beast talisman
 d - a flux talisman
Scrolls
 i - 2 scrolls of identify {unknown}
 j - 2 scrolls of vulnerability {unknown}
 l - a scroll of fog {unknown}
Potions
 b - a potion of lignification
 f - a potion of degeneration
 k - a potion of might {unknown}


   Skills:
 * Level 2.4 Fighting
 + Level 0.6 Armour
 + Level 2.2 Dodging
 + Level 3.0 Unarmed Combat
 + Level 3.0 Shapeshifting


You had 2 spell levels left.
You didn't know any spells.
Your spell library was empty.

Dungeon Overview and Level Annotations

Branches:
Dungeon (3/15)

Altars:


Innate Abilities, Weirdness & Mutations

You are a hulking beast.
Your limbs bulge with bestial killing power. (Slay +1)
You are partially covered in yellow scales. (AC +2)
A meltable shield of frost defends you. (SH +4)


Message History

A kobold and a giant cockroach come into view.
The kobold is wielding a +0 short sword of flaming.
The kobold shouts!
The kobold throws a stone.
The stone misses you.
An orc priest comes into view. It is wielding a +0 mace.
The giant cockroach moves out of view.
A quokka and a goblin come into view.
The goblin shouts!
The kobold throws a stone.
You block the stone.
An orc priest comes into view. It is wielding a +0 flail.
The orc priest shouts!
An endoplasm comes into view.
An orc comes into view. It is wielding a +0 dagger.
The orc priest invokes the aid of Beogh against you.
Beogh smites you!
The endoplasm quivers.
The orc shouts!
You hit the giant cockroach but do no damage.
The giant cockroach barely misses you.
You hit the giant cockroach.
You kill the giant cockroach!
The quokka completely misses you.
The orc priest mumbles some strange prayers to Beogh against you.
Beogh smites you!
Ouch! That really hurt!
* * * LOW HITPOINT WARNING * * *
You see here a giant cockroach corpse.
You are too injured to fight recklessly!
You are too injured to fight recklessly!
You are too injured to fight recklessly!
Unknown command.
It was a potion of degeneration.
There was something very wrong with that liquid.
You feel weakened.
You feel dopey.
You feel clumsy. The quokka barely misses you.
The orc priest closely misses you.
It was a potion of haste.
You feel yourself speed up.
The quokka bites you but does no damage.
The orc priest looks braver for a moment.
The orc priest barely misses you. The quokka bites you.
You die...

...
#....##...[†).##..
....
#.##.##.##.######.
...# #...>...#....#
#. ...
##..#.####....# #.
#
#..#...........###
..
...##J#.......##.#.
..
..............### .
. .....?.g......##
8 .......#h.%.....
.. ....!#.#oro.....
........K.......
...#####.o.....#
... ......... ..
.......## .........
###.....#.


You could see 2 orc priests, an orc, an endoplasm, a quokka, a goblin and a
kobold.

Vanquished Creatures
  2 adders (D:2)
  3 orcs (D:3)
  2 ball pythons
  4 endoplasms
  2 giant cockroaches
  5 hobgoblins
  6 quokkas
  7 bats
  A frilled lizard (D:1)
  5 goblins
  3 kobolds
  A rat (D:1)
41 creatures vanquished.

Notes
Turn   | Place    | Note
-------+----------+-------------------------------------------
     0 | D:1      | Destapler the Demonspawn Shapeshifter began the quest for
                  | the Orb.
     0 | D:1      | Reached XP level 1. HP: 15/15 MP: 1/1
   148 | D:1      | Gained mutation: A meltable shield of frost defends you.
                  | (SH +4) [demonic ancestry]
   148 | D:1      | Reached XP level 2. HP: 21/21 MP: 2/2
  1336 | D:2      | Gained mutation: You are partially covered in yellow
                  | scales. (AC +2) [demonic ancestry]
  1336 | D:2      | Reached XP level 3. HP: 25/27 MP: 3/3
  1958 | D:3      | HP: 1/28 [orc priest/divine providence (17)]
  1960 | D:3      | Slain by a quokka

Illustrated notes

Levels and vault maps discovered:
D:1:      dpeg_arrival_signposts, layout_basic, serial_forest,
          infiniplex_forest_clump_diagonal, infiniplex_forest_end_2,
          infiniplex_forest_lined_1, infiniplex_forest_corner_1,
          nicolae_twisty_statue_hallways
D:2:      layout_loops_corners
D:3:      layout_rooms, shapermc_ecumenical_altar_venn,
          dreamdust_princess_corridor

Skill      XL: |  1  2  3 |
---------------+----------+-----
Dodging        | 2 |  2.2
Fighting       | 2 |  2.4
Unarmed Combat | 3 |  3.0
Shapeshifting  | 3 |  3.0
Armour         | |  0.6

Action                     || total
---------------------------++-------
  Melee: Unarmed           ||   120
         Punch             ||     3
    Use: Potion            ||     2
 Armour: Animal skin       ||     7
         Ring mail         ||    35
  Dodge: Dodged            ||    76
  Block: Other             ||     9
